 Dungeon Crawl Stone Soup version 0.21.1-1-g345015f (webtiles) character file.

1895 Quirk the Shield-Bearer (level 9, -6/73 HPs)
             Began as a Gnoll Fighter on Mar 4, 2018.
             Was an Initiate of Ashenzari.
             Mangled by derrymb's ghost (11 damage)
             ... on level 7 of the Dungeon.
             The game lasted 00:12:21 (5182 turns).

Quirk the Shield-Bearer (Gnoll Fighter)             Turns: 5182, Time: 00:12:22

Health: -6/73      AC: 21    Str: 21    XL:     9   Next: 15%
Magic:  14/14      EV: 12    Int: 11    God:    Ashenzari [......]
Gold:   337        SH:  0    Dex: 15    Spells: 12/15 levels left

rFire    + . .     SeeInvis .   A - +1 dire flail (protect)
rCold    . . .     Gourm    .   (shield currently unavailable)
rNeg     . . .     Faith    .   b - +0 scale mail
rPois    .         Spirit   .   E - +2 helmet
rElec    .         Reflect  .   r - +0 cloak
rCorr    .         Harm     .   (no gloves)
MR       .....     Rnd*Tele +   H - +0 pair of boots
Stlth    +.........             v - amulet of magic regeneration
HPRegen  0.22/turn              n - ring of flight
MPRegen  0.39/turn              C - ring of protection from fire

@: protection aura
A: distributed training, fangs 1, talons 1, teleportitis 1, strong nose
a: Curse Item, Renounce Religion, Evoke Flight


You were on level 7 of the Dungeon.
You worshipped Ashenzari.
Ashenzari was noncommittal.
You were not hungry.

You visited 2 branches of the dungeon, and saw 9 of its levels.
You also visited: Sewer.

You collected 337 gold pieces.

Inventory:

Hand Weapons
 a - a +0 war axe
 i - a +0 spear of piercing
 m - a +0 spear of freezing
 q - a +4 quarterstaff of chaos
 A - a +1 dire flail of protection (weapon)
Missiles
 d - a throwing net (quivered)
Armour
 b - a +0 scale mail (worn)
 c - a +0 shield
 g - a cursed +0 large shield
 r - a +0 cloak (worn)
 E - a +2 helmet (worn)
 H - a +0 pair of boots (worn)
Jewellery
 n - a ring of flight (left hand)
 v - an amulet of magic regeneration (around neck)
 C - a ring of protection from fire (right hand)
 G - an uncursed ring of wizardry
Wands
 z - a wand of polymorph (45)
Scrolls
 e - 5 scrolls of remove curse
 h - 2 scrolls of enchant armour {unknown}
 j - a scroll of fear
 l - 5 scrolls of teleportation {unknown}
 o - a scroll of fog {unknown}
 p - a scroll of immolation {unknown}
 s - a scroll of amnesia {unknown}
 w - a scroll of identify
 x - a scroll of magic mapping {unknown}
 y - a scroll of enchant weapon {unknown}
Potions
 k - a potion of ambrosia
 t - 3 potions of curing
 u - a potion of brilliance
 B - 4 potions of flight
 F - 2 potions of heal wounds
Books
 D - a book of Air

   Spells                             Type                      Level
   a - Shock                          Conjuration/Air              1
   b - Swiftness                      Charms/Air                   2
   c - Static Discharge               Conjuration/Air              3
   d - Airstrike                      Air                          4
   e - Lightning Bolt                 Conjuration/Air              5
 I - a book of Cantrips

   Spells                             Type                      Level
   a - Confusing Touch                Hexes                        1
   b - Animate Skeleton               Necromancy                   1
   c - Summon Small Mammal            Summoning                    1
   d - Apportation                    Translocation                1
Comestibles
 f - 14 rations


   Skills:
 + Level 7.7 Fighting
 + Level 3.9 Short Blades
 + Level 3.9 Long Blades
 + Level 6.1 Axes
 + Level 3.9 Maces & Flails
 + Level 3.9 Polearms
 + Level 3.9 Staves
 + Level 3.9 Slings
 + Level 3.9 Bows
 + Level 3.9 Crossbows
 + Level 3.9 Throwing
 + Level 7.7 Armour
 + Level 3.9 Dodging
 + Level 3.9 Stealth
 + Level 7.7 Shields
 + Level 3.9 Unarmed Combat
 + Level 3.9 Spellcasting
 + Level 3.2 Conjurations
 + Level 3.2 Hexes
 + Level 3.2 Charms
 + Level 3.2 Summonings
 + Level 3.2 Necromancy
 + Level 3.2 Translocations
 + Level 3.2 Transmutations
 + Level 3.2 Fire Magic
 + Level 3.2 Ice Magic
 + Level 3.2 Air Magic
 + Level 3.2 Earth Magic
 + Level 3.2 Poison Magic
 + Level 4.3 Invocations
 + Level 3.9 Evocations


You had 12 spell levels left.
You knew the following spells:

 Your Spells              Type           Power        Failure   Level  Hunger
a - Swiftness             Chrm/Air       #.......     24%         2    ##.....
b - Apportation           Tloc           #.....       16%         1    #......


Dungeon Overview and Level Annotations

Branches:
Dungeon (8/15)             Temple (1/1) D:7
   Lair: D:8-11

Altars:
Ashenzari
Cheibriados
Elyvilon
Gozag
Hepliaklqana
Nemelex Xobeh
Okawaru
Qazlal
Ru
Sif Muna
Trog
Uskayaw
Vehumet
Wu Jian
Xom
Zin

Annotations:
D:7 derrymb's ghost, novice MiFi


Innate Abilities, Weirdness & Mutations

Your experience applies equally to all skills.
You have very sharp teeth.
Your uncanny sense of smell can sniff out nearby items.
You have sharp toenails.
You are occasionally teleported next to monsters.


Message History

Derrymb's ghost is heavily damaged.
Derrymb's ghost hits you but does no damage.
You bludgeon derrymb's ghost!!
You bite derrymb's ghost, but do no damage.
Derrymb's ghost is severely damaged.
Derrymb's ghost hits you but does no damage.
You puncture derrymb's ghost!
Derrymb's ghost is almost destroyed.
Derrymb's ghost closely misses you.
You closely miss derrymb's ghost.
Derrymb's ghost is almost destroyed.
Derrymb's ghost hits you!
* * * LOW HITPOINT WARNING * * *
You barely miss derrymb's ghost. Your bite misses derrymb's ghost.
Derrymb's ghost is almost destroyed.
Derrymb's ghost hits you but does no damage.
You hit derrymb's ghost.
Derrymb's ghost is almost destroyed.
Derrymb's ghost hits you!
You die...

.... .......# # ..
.....###...#.# .#...
......(#.....##.....
....................
......#...#...##...
.....∆#.⌠.#...#
....###...###.## ∆
.......W.......##.#
.....⌠..@..⌠......##
###................#
#.###...###......#
#.⌠.# .......# ∆
#...# .........
...... ...%..#..
....### .....# .....
.....# ..... ##...#


You could see derrymb's ghost.

Vanquished Creatures
  Menkaure (D:5)
  Edmund (D:5)
  A phantom (D:5)
  2 ogres
  The ghost of Phong the Shooter, an amateur CeHu (D:3)
  A centaur (D:6)
  A big kobold (Sewer)
  2 bullfrogs
  Blork the orc (D:5)
  A water moccasin zombie (D:5)
  A killer bee (D:7)
  2 crimson imps (D:5)
  A bullfrog zombie (D:5)
  The ghost of letownia2 the Conjurer, a weakling TeAE (D:4)
  An orc priest (D:4)
  A hound (D:4)
  2 jellies
  Crazy Yiuf (D:2)
  A centaur skeleton (D:4)
  4 orc wizards
  3 worker ants
  2 iguanas
  A hound skeleton (D:4)
  2 worker ant zombies (D:6)
  5 gnolls
  11 adders
  A river rat (Sewer)
  A white imp (D:5)
  An adder skeleton (D:5)
  5 worms
  2 dart slugs
  4 leopard geckos
  11 orcs
  3 ball pythons (D:6)
  A giant cockroach (D:4)
  13 goblins
  13 hobgoblins
  10 jackals
  5 kobolds
  2 quokkas
  8 bats
  2 frilled lizards
  A jackal skeleton (D:6)
  A leopard gecko skeleton (D:3)
  11 rats
  2 fungi (D:2)
148 creatures vanquished.

Notes
Turn   | Place    | Note
-------+----------+-------------------------------------------
     0 | D:1      | Quirk the Gnoll Fighter began the quest for the Orb.
     0 | D:1      | Reached XP level 1. HP: 23/23 MP: 1/1
   135 | D:1      | Reached XP level 2. HP: 29/29 MP: 2/2
   283 | D:1      | Reached XP level 3. HP: 33/35 MP: 3/3
   632 | D:2      | Reached skill level 1 in Invocations
   646 | D:2      | Reached skill level 1 in Short Blades
   646 | D:2      | Reached skill level 1 in Long Blades
   646 | D:2      | Reached skill level 1 in Maces & Flails
   646 | D:2      | Reached skill level 1 in Polearms
   646 | D:2      | Reached skill level 1 in Staves
   646 | D:2      | Reached skill level 1 in Slings
   646 | D:2      | Reached skill level 1 in Bows
   646 | D:2      | Reached skill level 1 in Crossbows
   646 | D:2      | Reached skill level 1 in Throwing
   646 | D:2      | Reached skill level 1 in Dodging
   646 | D:2      | Reached skill level 1 in Stealth
   646 | D:2      | Reached skill level 1 in Unarmed Combat
   646 | D:2      | Reached skill level 1 in Spellcasting
   646 | D:2      | Reached skill level 1 in Evocations
   646 | D:2      | Reached XP level 4. HP: 29/41 MP: 5/5
   888 | D:2      | Found a runed door.
   892 | D:2      | Noticed Crazy Yiuf
   900 | D:2      | Killed Crazy Yiuf
   900 | D:2      | Reached skill level 1 in Conjurations
   900 | D:2      | Reached skill level 1 in Hexes
   900 | D:2      | Reached skill level 1 in Charms
   900 | D:2      | Reached skill level 1 in Summonings
   900 | D:2      | Reached skill level 1 in Necromancy
   900 | D:2      | Reached skill level 1 in Translocations
   900 | D:2      | Reached skill level 1 in Transmutations
   900 | D:2      | Reached skill level 1 in Fire Magic
   900 | D:2      | Reached skill level 1 in Ice Magic
   900 | D:2      | Reached skill level 1 in Air Magic
   900 | D:2      | Reached skill level 1 in Earth Magic
   900 | D:2      | Reached skill level 1 in Poison Magic
  1319 | D:2      | Reached XP level 5. HP: 47/47 MP: 6/6
  1429 | D:3      | Noticed Phong's ghost (amateur CeHu)
  1456 | D:3      | Killed Phong's ghost
  1615 | D:3      | Reached XP level 6. HP: 53/53 MP: 8/8
  1627 | D:3      | Gained mutation: You are occasionally teleported next to monsters. [potion of mutation]
  1627 | D:3      | Gained mutation: You have sharp toenails. [potion of mutation]
  1704 | D:3      | Found a stormy altar of Qazlal.
  1707 | D:3      | Noticed a water elemental
  1707 | D:3      | Noticed a fire elemental
  1707 | D:3      | Noticed an air elemental
  2289 | D:4      | Noticed letownia2's ghost (weakling TeAE)
  2296 | D:4      | Killed letownia2's ghost
  2296 | D:4      | Reached skill level 5 in Axes
  2457 | D:4      | Reached XP level 7. HP: 22/59 MP: 10/10
  2741 | D:5      | Entered Level 5 of the Dungeon
  2821 | D:5      | Noticed Blork the orc
  2833 | D:5      | Killed Blork the orc
  3003 | D:5      | Noticed Edmund
  3037 | D:5      | Killed Edmund
  3130 | D:5      | Reached XP level 8. HP: 49/67 MP: 12/12
  3255 | D:5      | Noticed Menkaure
  3266 | D:5      | HP: 2/67 [Menkaure/nerve-wracking pain (13)]
  3271 | D:5      | Killed Menkaure
  3738 | D:6      | Found a glowing drain.
  3904 | Sewer    | Entered a sewer
  3938 | Sewer    | Learned a level 2 spell: Swiftness
  4008 | Sewer    | Reached XP level 9. HP: 56/72 MP: 14/14
  4046 | Sewer    | Found a white marble altar of Elyvilon.
  4493 | D:7      | Learned a level 1 spell: Apportation
  4574 | D:7      | Noticed derrymb's ghost (novice MiFi)
  4656 | D:7      | Found a staircase to the Ecumenical Temple.
  4667 | D:7      | HP: 3/73 [adder (4)]
  4691 | Temple   | Entered the Ecumenical Temple
  4770 | Temple   | Became a worshipper of Ashenzari the Shackled
  5182 | D:7      | Mangled by derrymb's ghost

Skill      XL: |  1  2  3  4  5  6  7  8 |
---------------+-------------------------+-----
Invocations    | 1 2 3 4 |  4.3
Short Blades   | 1 2 3 |  3.9
Long Blades    | 1 2 3 |  3.9
Maces & Flails | 1 2 3 |  3.9
Polearms       | 1 2 3 |  3.9
Staves         | 1 2 3 |  3.9
Slings         | 1 2 3 |  3.9
Bows           | 1 2 3 |  3.9
Crossbows      | 1 2 3 |  3.9
Throwing       | 1 2 3 |  3.9
Dodging        | 1 2 3 |  3.9
Stealth        | 1 2 3 |  3.9
Unarmed Combat | 1 2 3 |  3.9
Spellcasting   | 1 2 3 |  3.9
Evocations     | 1 2 3 |  3.9
Conjurations   | 1 2 3 |  3.2
Hexes          | 1 2 3 |  3.2
Charms         | 1 2 3 |  3.2
Summonings     | 1 2 3 |  3.2
Necromancy     | 1 2 3 |  3.2
Translocations | 1 2 3 |  3.2
Transmutations | 1 2 3 |  3.2
Fire Magic     | 1 2 3 |  3.2
Ice Magic      | 1 2 3 |  3.2
Air Magic      | 1 2 3 |  3.2
Earth Magic    | 1 2 3 |  3.2
Poison Magic   | 1 2 3 |  3.2
Axes           | 5 6 |  6.1
Fighting       | 7 |  7.7
Armour         | 7 |  7.7
Shields        | 7 |  7.7

Action                   |  1- 3 |  4- 6 |  7- 9 || total
-------------------------+-------+-------+-------++-------
Melee: War axe           |    47 |       |       ||    47
       Bite              |    10 |    32 |    36 ||    78
       Spear             |    23 |   216 |   237 ||   476
       Kick              |       |    31 |    96 ||   127
       Dire flail        |       |       |   107 ||   107
Evoke: Wand              |       |       |     4 ||     4
  Use: Scroll            |       |     5 |     3 ||     8
       Potion            |       |     1 |     4 ||     5
 Stab: Confused          |       |       |     1 ||     1
       Sleeping          |       |       |     1 ||     1
  Eat: Chunk             |       |     5 |     7 ||    12
       Ration            |       |       |     1 ||     1
Armor: Scale mail        |    24 |    49 |   128 ||   201
Dodge: Dodged            |    18 |    42 |   132 ||   192
Block: Shield            |    40 |    77 |   112 ||   229
